 Dungeon Crawl Stone Soup version 0.23.0 (webtiles) character file.

Game seed: 16143393350772773156

850 dvd the Covert (level 7, -6/33 HPs)
             Began as a Spriggan Enchanter on Feb 16, 2019.
             Was an Initiate of Dithmenos.
             Killed from afar by an orc wizard (18 damage)
             ... with a puff of frost
             ... on level 6 of the Dungeon.
             The game lasted 00:13:40 (5334 turns).

dvd the Covert (Spriggan Enchanter)                 Turns: 5334, Time: 00:13:41

Health: -6/33      AC:  3    Str:  5    XL:     7   Next: 69%
Magic:  4/14       EV: 19    Int: 20    God:    Dithmenos [......]
Gold:   369        SH:  0    Dex: 17    Spells: 2/14 levels left

rFire    . . .     SeeInvis +   j - +1 short sword (elec)
rCold    x . .     Gourm    .   (shield restricted)
rNeg     . . .     Faith    .   b - +0 robe
rPois    +         Spirit   .   (helmet restricted)
rElec    .         Reflect  .   y - +0 cloak
rCorr    .         Harm     .   (gloves unavailable)
MR       +....                  (boots unavailable)
Stlth    ++++......             (no amulet)
HPRegen  0.11/turn              F - ring of the Well-Known Deaths {+Fly rPois rC- Int+3 Slay+2 Stlth-}
MPRegen  0.14/turn              (no ring)

@: very slightly contaminated, very quick
A: very small, unfitting armour, see invisible, herbivore, speed 3, slow
metabolism 2
a: Renounce Religion, Evoke Flight


You were on level 6 of the Dungeon.
You worshipped Dithmenos.
Dithmenos was noncommittal.
You were not hungry.

You visited 2 branches of the dungeon, and saw 8 of its levels.

You collected 411 gold pieces.
You spent 42 gold pieces at shops.

Inventory:

Hand Weapons
 a - a +1 dagger
 c - a +0 dagger of venom
 j - a +1 short sword of electrocution (weapon)
Armour
 b - a +0 robe (worn)
 y - a +0 cloak (worn)
Jewellery
 A - an uncursed ring of fire
 F - the ring of the Well-Known Deaths (left hand) {+Fly rPois rC- Int+3 Slay+2 Stlth-}
   (You found it on level 6 of the Dungeon)

   [ring of attention]

   It affects your intelligence (+3).
   It affects your accuracy and damage with ranged weapons and melee attacks
   (+2).
   It makes you vulnerable to cold.
   It protects you from poison.
   It lets you fly.
   It makes you less stealthy.
Wands
 x - a wand of iceblast (10)
 B - a wand of random effects (10)
Scrolls
 g - a scroll of noise {unknown}
 h - 2 scrolls of amnesia {unknown}
 m - 2 scrolls of enchant armour {unknown}
 o - 3 scrolls of immolation {unknown}
 p - 2 scrolls of magic mapping {unknown}
 q - 5 scrolls of remove curse {unknown}
 s - a scroll of fog {unknown}
 v - 4 scrolls of identify {unknown}
 z - a scroll of teleportation {unknown}
 C - a scroll of blinking {unknown}
Potions
 e - a potion of mutation {unknown}
 f - a potion of resistance {unknown}
 i - 2 potions of agility {unknown}
 k - 2 potions of heal wounds {unknown}
 l - 2 potions of curing
 n - 3 potions of haste {unknown}
 r - a potion of degeneration {unknown}
 t - a potion of invisibility {unknown}
 u - 2 potions of lignification {unknown}
 w - 2 potions of flight {unknown}
 D - a potion of might {unknown}
 E - a potion of cancellation {unknown}
Comestibles
 d - 13 rations


   Skills:
 + Level 1.2 Fighting
 + Level 3.1 Short Blades
 + Level 3.7 Dodging
 + Level 10.2 Stealth
 + Level 4.2 Spellcasting
 + Level 5.4 Hexes
 + Level 1.8 Ice Magic


You had 2 spell levels left.
You knew the following spells:

 Your Spells              Type           Power        Failure   Level  Hunger
a - Corona                Hex            ####...      1%          1    None
b - Ensorcelled Hibernat  Hex/Ice        ###...       4%          2    #......
c - Confuse               Hex            ####....     4%          3    ###....
d - Dazzling Spray        Conj/Hex       ###...       12%         3    ###....
e - Tukima's Dance        Hex            ####....     4%          3    ###....

Your spell library contained the following spells:

 Spells                   Type           Power        Failure   Level  Hunger


Dungeon Overview and Level Annotations

Branches:
Dungeon (7/15)             Temple (1/1) D:4

Altars:
Ashenzari
Cheibriados
Dithmenos
Fedhas
Gozag
Hepliaklqana
Kikubaaqudgha
Makhleb
Nemelex Xobeh
Okawaru
Qazlal
Ru
Sif Muna
Trog
Uskayaw
Vehumet
Wu Jian
Xom
Yredelemnul
Zin
The Shining One

Shops:
D:5 }   D:6 !

Annotations:
D:5 Pikel


Innate Abilities, Weirdness & Mutations

You are very small and have problems with some larger weapons.
You are too small for most types of armour.
You have supernaturally acute eyesight. (SInv)
You are a herbivore.
You cover ground extremely quickly.
You need to consume almost no food.


Message History

The orc wizard is lightly wounded.
The orc wizard gestures wildly while chanting.
The orc wizard seems to speed up.
You barely miss the orc wizard.
The orc wizard is lightly wounded.
The orc wizard closely misses you.
The orc wizard hits you with a +0 dagger of venom.
You closely miss the orc wizard.
The orc wizard is lightly wounded.
The orc wizard closely misses you.
Casting: Ensorcelled Hibernation (safe; 4% risk of failure)
Confirm with . or Enter, or press ? or * to list all spells.
Aiming: Corona (safe; 1% risk of failure)
Press: ? - help, Shift-Dir - straight line, f/p - orc wizard
Aim: an orc wizard, wielding a +0 dagger of venom and wearing a +0 robe (lightly wounded, fast, chance to defeat MR: 67%)
The orc wizard struggles to resist.
The orc wizard completely misses you.
The orc wizard gestures at you while chanting.
The puff of frost hits you!!
You feel a terrible chill!
Ouch! That really hurt!
You die...

##### #...# ####...#
#############
.......####......o....#####
................@.........##
............###...##...##..##
###.#...#...###..####.####..##
# #.#...........##..#'#..##..#
###.#........##.##.......##..#
........##.......##.._..##...#
###.#.......∩.....##...##....#
#.##......###....##.##..#.## #
#.##.##...###.....###..##.#


You could see an orc wizard.

Vanquished Creatures
  An orc warrior (D:6)
  An ice beast (D:5)
  2 ogres (D:5)
  A bullfrog (D:6)
  A scorpion (D:6)
  A howler monkey (D:5)
  2 hounds (D:4)
  A jelly (D:5)
  Ijyb (D:5)
  2 orc wizards (D:7)
  A worker ant (D:6)
  A worker ant zombie (D:5)
  6 adders
  2 oozes
  2 worms
  4 dart slugs
  2 leopard geckos (D:3)
  An orc (D:3)
  4 giant cockroaches
  11 goblins
  6 hobgoblins
  11 jackals
  4 kobolds
  A ball python (D:5)
  5 bats
  A frilled lizard (D:1)
  A giant cockroach zombie (D:5)
  A quokka zombie (D:6)
  10 rats
87 creatures vanquished.

Vanquished Creatures (others)
  A dancing weapon (D:7)
1 creature vanquished.

Grand Total: 88 creatures vanquished

Notes
Turn   | Place    | Note
-------+----------+-------------------------------------------
     0 | D:1      | dvd the Spriggan Enchanter began the quest for the Orb.
     0 | D:1      | Reached XP level 1. HP: 9/9 MP: 5/5
   172 | D:1      | Reached XP level 2. HP: 13/13 MP: 3/6
   369 | D:1      | Learned a level 2 spell: Ensorcelled Hibernation
   487 | D:1      | Reached skill level 5 in Stealth
   858 | D:1      | Reached XP level 3. HP: 16/16 MP: 6/8
   916 | D:1      | Learned a level 3 spell: Confuse
  1912 | D:3      | Reached XP level 4. HP: 21/21 MP: 9/9
  1921 | D:3      | Learned a level 3 spell: Dazzling Spray
  2387 | D:3      | Reached skill level 6 in Stealth
  2808 | D:4      | Found a staircase to the Ecumenical Temple.
  2810 | D:4      | Reached XP level 5. HP: 25/25 MP: 9/11
  2817 | Temple   | Entered the Ecumenical Temple
  2868 | Temple   | Became a worshipper of Dithmenos the Shadowed
  3379 | D:5      | Entered Level 5 of the Dungeon
  3379 | D:5      | Noticed Ijyb
  3382 | D:5      | Killed Ijyb
  3382 | D:5      | Reached skill level 1 in Ice Magic
  3400 | D:5      | Reached skill level 7 in Stealth
  3431 | D:5      | Noticed an ogre
  3453 | D:5      | Killed an ogre
  3453 | D:5      | Reached XP level 6. HP: 29/29 MP: 4/12
  3547 | D:5      | Reached skill level 8 in Stealth
  3553 | D:5      | Noticed Pikel
  3610 | D:5      | Noticed a slave
  3612 | D:5      | Noticed a slave
  3612 | D:5      | Noticed a slave
  3910 | D:5      | Found a stormy altar of Qazlal.
  3910 | D:5      | Found a bloodstained altar of Trog.
  3911 | D:5      | Found a burning altar of Makhleb.
  4073 | D:5      | Noticed an ice beast
  4080 | D:5      | Killed an ice beast
  4080 | D:5      | Reached skill level 9 in Stealth
  4116 | D:5      | Reached skill level 1 in Fighting
  4116 | D:5      | Reached skill level 5 in Hexes
  4116 | D:5      | Reached XP level 7. HP: 33/33 MP: 13/13
  4118 | D:5      | Found Ruicheleva's Gadget Boutique.
  4372 | D:6      | Found Ogius's Distillery.
  4381 | D:6      | Bought a potion of curing for 42 gold pieces
  4406 | D:6      | Found a sparkling altar of Nemelex Xobeh.
  4690 | D:6      | Got a sparkling bronze ring
  4691 | D:6      | Identified the ring of the Well-Known Deaths {+Fly rPois
                  | rC- Int+3 Slay+2 Stlth-} (You found it on level 6 of the
                  | Dungeon)
  5061 | D:6      | Learned a level 3 spell: Tukima's Dance
  5082 | D:6      | Reached skill level 10 in Stealth
  5207 | D:7      | Noticed a hippogriff
  5334 | D:6      | Killed from afar by an orc wizard

Skill      XL: |  1  2  3  4  5  6  7 |
---------------+----------------------+-----
Hexes          | 4 5 |  5.4
Stealth        | 5 6 7 9 10 | 10.2
Spellcasting   | 3 4 |  4.2
Short Blades   | 2 3 |  3.1
Ice Magic      | 1 |  1.8
Fighting       | 1 |  1.2
Dodging        | |  3.7

Action                   |  1- 3 |  4- 6 |  7- 9 || total
-------------------------+-------+-------+-------++-------
Melee: Dagger            |    33 |       |       ||    33
       Short sword       |    41 |    63 |    24 ||   128
 Cast: Corona            |    10 |       |     1 ||    11
       Ensorcelled Hiber |    19 |    23 |    10 ||    52
       Confuse           |     1 |       |       ||     1
       Dazzling Spray    |       |     1 |     2 ||     3
       Tukima's Dance    |       |       |     3 ||     3
  Use: Potion            |       |       |     1 ||     1
 Stab: Sleeping          |    20 |    30 |     6 ||    56
       Invisible         |       |     1 |     1 ||     2
       Distracted        |       |       |     1 ||     1
  Eat: Ration            |       |     2 |     1 ||     3
Armor: Robe              |     5 |     4 |       ||     9
Dodge: Dodged            |    54 |    49 |    26 ||   129
